 Dungeon Crawl Stone Soup version 0.26.0-16-gc1dbca0489 (webtiles) character file.

Game seed: 9931211495963786482

6731 112233 the Summoner (level 11, -9/75 HPs)
             Began as an Octopode Summoner on Jan 19, 2021.
             Was an Initiate of Gozag.
             Mangled by an orc warrior
             ... wielding a +0 war axe
              (19 damage)
             ... on level 1 of the Orcish Mines.
             The game lasted 00:31:59 (24712 turns).

112233 the Summoner (Octopode Summoner)            Turns: 24712, Time: 00:32:00

Health: -9/75      AC:  1    Str:  8    XL:     11   Next: 4%
Magic:  11/21      EV: 17    Int: 21    God:    Gozag
Gold:   1604       SH:  0    Dex: 12    Spells: 9/23 levels left

rFire    . . .     SeeInvis .   c - +2 dagger (venom)
rCold    + . .     Faith    .   P - +2 buckler
rNeg     . . .     Spirit   .   (helmet restricted)
rPois    +         Reflect  .   N - amulet of magic regeneration
rElec    .         Harm     .   H - ring of protection from cold
rCorr    .         Rampage  .   I - ring of willpower
Will     ++...                  e - ring of willpower
Stlth    ++........             K - ring of poison resistance
HPRegen  0.22/turn              (no ring)
MPRegen  0.42/turn              (no ring)
                                (no ring)
                                (no ring)

@: confused
A: almost no armour, stealthy swim, amphibious, 8 rings, constrict 8, camouflage
1, gelatinous body 1
a: Renounce Religion, Potion Petition, Call Merchant, Bribe Branch


You were on level 1 of the Orcish Mines.
You worshipped Gozag.
Gozag was most pleased with you.
You visited 3 branches of the dungeon, and saw 14 of its levels.
You also visited: Bailey.

You collected 2449 gold pieces.
You paid 845 gold pieces to Gozag.

Inventory:

Hand Weapons
 b - a +0 short sword
 c - a +2 dagger of venom (weapon)
 l - a +0 long sword
 D - a +2 mace of draining
Missiles
 r - 62 poisoned darts
 w - 2 throwing nets {!f}
 x - 13 javelins
 J - 3 datura-tipped darts
Armour
 C - a +0 buckler
 M - a +0 kite shield
 P - a +2 buckler (worn)
Jewellery
 e - a ring of willpower (on tentacle)
 A - an uncursed amulet of faith
 H - a ring of protection from cold (left tentacle)
 I - a ring of willpower (right tentacle)
 K - a ring of poison resistance (on tentacle)
 L - an uncursed amulet of inaccuracy
 N - an amulet of magic regeneration (around mantle)
Wands
 m - a wand of random effects (14)
 y - a wand of flame (33)
 G - a wand of polymorph (8)
Scrolls
 d - 5 scrolls of teleportation {@r3}
 f - 3 scrolls of enchant armour
 g - 3 scrolls of enchant weapon
 h - 5 scrolls of remove curse {@r2}
 i - a scroll of acquirement {unknown}
 n - a scroll of fog {unknown}
 o - a scroll of holy word {unknown}
 p - 2 scrolls of fear
 s - 5 scrolls of blinking
 t - 4 scrolls of magic mapping
 E - a scroll of random uselessness {unknown}
 F - a scroll of summoning {unknown}
Potions
 a - 2 potions of resistance
 j - 5 potions of flight
 k - 4 potions of lignification
 u - a potion of attraction {unknown}
 v - a potion of magic
 z - a potion of degeneration {unknown}
 B - 2 potions of might


   Skills:
 + Level 7.0 Fighting
 + Level 7.3 Dodging
 - Level 2.6 Stealth
 - Level 5.2 Shields
 + Level 6.8 Spellcasting
 + Level 9.8 Summonings
 - Level 3.4 Air Magic


You had 9 spell levels left.
You knew the following spells:

 Your Spells              Type           Power        Failure   Level
a - Summon Small Mammal   Summ           100%         1%          1
b - Call Imp              Summ           48%          1%          2
c - Call Canine Familiar  Summ           48%          1%          3
d - Summon Ice Beast      Ice/Summ       27%          12%         4
e - Summon Lightning Spi  Summ/Air       35%          6%          4

Your spell library contained the following spells:

 Spells                   Type           Power        Failure   Level
 Summon Guardian Golem    Hex/Summ       27%          3%          3
 Animate Skeleton         Necr           14%          9%          1
 Foxfire                  Conj/Fire      28%          9%          1
 Freeze                   Ice            28%          9%          1
 Pain                     Necr           28%          9%          1
 Conjure Flame            Conj/Fire      7%           26%         3
 Frozen Ramparts          Ice            14%          26%         3
 Inner Flame              Hex/Fire       7%           26%         3
 Ozocubu's Armour         Ice            7%           26%         3
 Vampiric Draining        Necr           3%           26%         3
 Animate Dead             Necr           3%           65%         4
 Hailstorm                Conj/Ice       7%           65%         4
 Sticky Flame             Conj/Fire      7%           65%         4
 Agony                    Necr           7%           94%         5
 Fireball                 Conj/Fire      3%           94%         5


Dungeon Overview and Level Annotations

Branches:
Dungeon (11/15)            Temple (1/1) D:5            Lair (0/6) D:10
    Orc (2/2) D:11         Bailey (visited)
    Elf: Orc:2

Altars:
Ashenzari
Dithmenos
Elyvilon
Fedhas
Gozag
Nemelex Xobeh
Okawaru
Qazlal
Ru
Sif Muna
Vehumet
Xom
Beogh

Shops:
D:11 [   Orc:2 *([(

Annotations:
D:3 Natasha, Robin
D:6 exclusion: downstairs


Innate Abilities, Weirdness & Mutations

You cannot wear most types of armour.
You are very stealthy in the water. (Stealth+)
You are amphibious.
You can wear up to eight rings at the same time.
You can use your tentacles to constrict eight enemies at once.
Your skin changes colour to match your surroundings (Stealth+).
Your rubbery body absorbs attacks. (AC +1, EV +1)


Message History

Beogh smites you!
There is a stone staircase leading up here.
You block the orc warrior's attack.
You climb upwards.
Reactivating autopickup.
There is a stone staircase leading down here.
Unknown command.
Unknown command.
Casting: Summon Ice Beast (dangerous; 12% risk of failure)
A chill wind blows around you.
The orc warrior hits you with a +0 war axe!!
* * * LOW HITPOINT WARNING * * *
The orc warrior barely misses your ice beast.
Unknown command.
Okay, then.
You are confused.
You feel invigorated.
The orc warrior hits you with a +0 war axe!!
You die...
Your body crumbles into a pile of gold.

##...........#........#.##.
##.#.......#####.....#####
###......## #.....##
#.#....## ###......#
####.#######.......### #.##
#.##.........### ###
###....##....##.#
###o#...........#.#
#.@#.............#.
#####Y.....##.....#
#....#.#.......
##..........#.#
#....^.....### ####......##
#......## ###.#.## #..###


You could see an orc warrior.

Vanquished Creatures
  An orc knight (Bailey)
  An ugly thing (D:11)
  A gargoyle (D:10)
  Duvessa (D:7)
  A phantom (D:6)
  4 orc warriors
  A black bear (D:7)
  A wolf (D:10)
  A lemure (D:6)
  A bullfrog (D:10)
  A scorpion (D:7)
  3 wights (D:8)
  An electric eel (D:10)
  A centaur zombie (D:5)
  2 hounds
  3 orc priests
  4 orc wizards
  A bullfrog skeleton (D:9)
  Terence (D:3)
  An iguana (D:7)
  2 worker ants
  A killer bee zombie (D:6)
  A hound zombie (D:10)
  6 adders
  A shadow imp (D:5)
  A white imp (D:9)
  2 ufetubi
  2 adder zombies
  A worm (D:4)
  A dart slug (D:4)
  A leopard gecko (D:10)
  17 orcs
  2 bats
  4 giant cockroaches
  6 goblins
  6 jackals
  2 quokkas
  5 kobolds
  A rat (D:2)
93 creatures vanquished.

Vanquished Creatures (collateral kills)
  Erolcha (D:10)
  A two-headed ogre (D:10)
  Pikel (D:7)
  4 trolls
  A hornet (D:8)
  5 yaks (D:11)
  2 wyverns
  14 orc warriors
  A black bear (D:9)
  2 ice beasts
  A necrophage (D:7)
  A sky beast (D:8)
  2 wolves (D:10)
  9 ogres
  A phantom (D:7)
  6 centaurs
  3 big kobolds
  3 bullfrogs
  4 gnoll sergeants (D:11)
  Dowan (D:7)
  2 scorpions
  4 wights (D:9)
  An electric eel (D:10)
  5 hounds
  3 bullfrog skeletons
  A jelly (D:6)
  5 orc priests
  5 orc wizards
  Ijyb (D:2)
  2 iguanas
  8 worker ants
  3 nameless horrors
  A hound zombie (D:9)
  5 adders
  12 gnolls
  A shadow imp (D:8)
  A white imp (D:7)
  2 leopard geckos
  33 orcs
  A bat (D:2)
  A giant cockroach (D:5)
  12 goblins
  2 hobgoblins (D:1)
  3 jackals (D:1)
  6 kobolds
  A quokka (D:7)
  A ball python (D:1)
  3 frilled lizards
  A leopard gecko skeleton (D:4)
  3 rats
192 creatures vanquished.

Vanquished Creatures (others)
  5 dream sheep (D:5)
  A plant (D:11)
6 creatures vanquished.

Grand Total: 291 creatures vanquished

Notes
Turn   | Place    | Note
-------+----------+-------------------------------------------
     0 | D:1      | 112233 the Octopode Summoner began the quest for the Orb.
     0 | D:1      | Reached XP level 1. HP: 11/11 MP: 3/3
   696 | D:1      | Reached XP level 2. HP: 13/17 MP: 1/5
  2157 | D:2      | Found a sparkling altar of Nemelex Xobeh.
  2188 | D:2      | Reached XP level 3. HP: 22/22 MP: 3/6
  2600 | D:2      | Learned a level 2 spell: Call Imp
  2633 | D:2      | Reached skill level 1 in Fighting
  3097 | D:2      | Noticed Ijyb
  3154 | D:3      | Noticed Natasha
  3165 | D:3      | Learned a level 3 spell: Call Canine Familiar
  3180 | D:3      | Noticed Robin
  3592 | D:2      | Killed Ijyb
  3731 | D:3      | Noticed Terence
  3746 | D:3      | Killed Terence
  3747 | D:3      | Reached XP level 4. HP: 24/28 MP: 1/7
  4633 | D:4      | Noticed an ogre
  4651 | D:5      | Entered Level 5 of the Dungeon
  4662 | D:5      | Reached skill level 5 in Summonings
  4663 | D:5      | Reached XP level 5. HP: 18/34 MP: 2/9
  5307 | D:4      | Killed an ogre
  5308 | D:4      | Reached XP level 6. HP: 39/39 MP: 4/10
  5545 | D:4      | Found an iron altar of Okawaru.
  6246 | D:5      | Noticed a dream sheep
  6246 | D:5      | Noticed a dream sheep
  6246 | D:5      | Noticed a dream sheep
  6246 | D:5      | Noticed a dream sheep
  6246 | D:5      | Noticed a dream sheep
  6246 | D:5      | Found a shimmering altar of Xom.
  6251 | D:5      | Killed a dream sheep
  6252 | D:5      | Killed a dream sheep
  6252 | D:5      | Killed a dream sheep
  6253 | D:5      | Killed a dream sheep
  6253 | D:5      | Killed a dream sheep
  6585 | D:5      | Found a staircase to the Ecumenical Temple.
  6673 | Temple   | Entered the Ecumenical Temple
  6697 | Temple   | Became a worshipper of Gozag Ym Sagoz the Greedy
  6989 | D:5      | Reached skill level 6 in Summonings
  6989 | D:5      | Reached XP level 7. HP: 21/45 MP: 4/12
  8753 | D:6      | Found a radiant altar of Vehumet.
  8753 | D:6      | Found a blossoming altar of Fedhas.
  8754 | D:6      | Found a stormy altar of Qazlal.
  9956 | D:7      | Learned a level 4 spell: Summon Ice Beast
 10053 | D:7      | Found a sacrificial altar of Ru.
 10280 | D:7      | Reached XP level 8. HP: 30/52 MP: 7/13
 10684 | D:7      | Noticed Dowan
 10770 | D:8      | Noticed a hornet
 10773 | D:8      | Reached skill level 1 in Shields
 10774 | D:8      | Paralysed by a hornet for 2 turns
 10774 | D:8      | Killed a hornet
 10775 | D:8      | Reached skill level 7 in Summonings
 11040 | D:8      | Found a white marble altar of Elyvilon.
 11041 | D:8      | Noticed a wyvern
 11061 | D:8      | Killed a wyvern
 11654 | D:8      | Learned a level 4 spell: Summon Lightning Spire
 11667 | D:8      | Found a shimmering blue altar of Sif Muna.
 11986 | D:7      | Found a shadowy altar of Dithmenos.
 12056 | D:7      | Noticed Pikel
 12297 | D:7      | HP: 1/81 [orc priest/divine providence (11)]
 12310 | D:7      | Reached skill level 5 in Dodging
 12314 | D:7      | Reached XP level 9. HP: 31/59 MP: 5/16
 12510 | D:7      | Killed Pikel
 12511 | D:7      | Reached skill level 8 in Summonings
 13029 | D:7      | Noticed Duvessa
 13040 | D:7      | Killed Dowan
 13075 | D:7      | Killed Duvessa
 13108 | D:7      | Reached skill level 5 in Spellcasting
 13669 | D:9      | Found a flagged portal.
 13680 | Bailey   | Entered a bailey
 14388 | Bailey   | Reached skill level 5 in Fighting
 16314 | Bailey   | Noticed an orc knight
 17294 | Bailey   | Killed an orc knight
 17664 | D:9      | Noticed a nameless horror
 17674 | D:9      | Noticed a troll
 17823 | D:9      | Killed a troll
 17824 | D:9      | Reached skill level 9 in Summonings
 17824 | D:9      | Reached XP level 10. HP: 45/68 MP: 1/18
 18804 | D:10     | Entered Level 10 of the Dungeon
 18979 | D:10     | Reached skill level 1 in Air Magic
 19455 | D:10     | Noticed Erolcha
 19467 | D:10     | Killed Erolcha
 19592 | D:10     | Found a staircase to the Lair.
 20272 | D:10     | Noticed a two-headed ogre
 20282 | D:10     | Killed a two-headed ogre
 20283 | D:10     | Reached skill level 5 in Shields
 20840 | D:10     | Noticed a gargoyle
 20858 | D:10     | Killed a gargoyle
 21676 | D:11     | Noticed a cyan ugly thing
 21697 | D:11     | Killed a cyan ugly thing
 22442 | D:11     | Found Vaguifuz's Antique Armour Shop.
 23184 | D:11     | Found a staircase to the Orcish Mines.
 24287 | Orc:1    | Entered Level 1 of the Orcish Mines
 24359 | Orc:1    | Found a roughly hewn altar of Beogh.
 24393 | Orc:1    | Reached XP level 11. HP: 74/74 MP: 7/21
 24576 | Orc:2    | Entered Level 2 of the Orcish Mines
 24656 | Orc:2    | Noticed an orc knight
 24694 | Orc:2    | Noticed a two-headed ogre
 24694 | Orc:2    | Found Ofet's General Store.
 24694 | Orc:2    | Found Siff's Armour Emporium.
 24694 | Orc:2    | Found Gij Sout's Antique Weapon Emporium.
 24694 | Orc:2    | Found Zoerphutu's Antique Weapon Shop.
 24694 | Orc:2    | Noticed a two-headed ogre
 24694 | Orc:2    | Noticed an ogre mage
 24694 | Orc:2    | Noticed an ogre mage
 24694 | Orc:2    | Noticed an ogre mage
 24694 | Orc:2    | Noticed a two-headed ogre
 24695 | Orc:2    | Noticed a two-headed ogre
 24712 | Orc:1    | Mangled by an orc warrior

Illustrated notes

Levels and vault maps discovered:
D:1:      nagdon_arrival_double_spiral, layout_loops_ring
D:2:      kennysheep_the_goblin_king, layout_basic, nemelex_altar_shiori
D:3:      layout_loops_corners, uniq_terence, uniq_robin, uniq_natasha
D:4:      layout_cave_pools, okawaru_trees_2
D:5:      layout_loops_ring, lemuel_temple_firewalk_a, hex_tiny,
          kb_xom_exploding_sheep
D:6:      layout_cave_pools, gammafunk_temple_overflow_claw,
          serial_column_ruins, column_ruins_hut, column_ruins_grid_1,
          column_ruins_open_tiny, column_ruins_grid_4
D:7:      layout_basic, kennysheep_little_box, nicolae_overflow_crystal_walls,
          uniq_pikel, uniq_duvessa
D:8:      layout_rooms, kennysheep_mini, elyvilon_altar_5
D:9:      layout_rooms, enter_bailey_3
D:10:     layout_long_grid, erik_lair_island, serial_co_window_serial,
          co_window_of_opportunity_a, co_window_of_opportunity_a,
          co_window_corner_a, co_window_of_opportunity_a, co_window_corner_a,
          co_window_paths_b, co_window_paths_a, co_window_unsneaky_path_a,
          co_window_broadway_c, co_window_corner_b, co_window_2corner,
          co_window_corner_b, co_window_4corner_a, glass_columns_a,
          glass_columns_c, glass_columns_c, glass_columns_b, glass_columns_c,
          uniq_erolcha
D:11:     layout_loops_ring, kennysheep_orc_monster_closet_entryway,
          serial_shops, nicolae_shop_overgrown_old_shop
Temple:   regret_index_temple_waves
Orc:1:    layout_diamond_mine, basic_altar
Orc:2:    st_orc_ogre_mass, layout_caves

Skill      XL: |  1  2  3  4  5  6  7  8  9 10 11 |
---------------+----------------------------------+-----
Fighting       | 1 2 3 4 5 6 7 |  7.0
Summonings     | 5 6 7 9 |  9.8
Dodging        | 3 4 5 6 7 |  7.3
Spellcasting   | 3 4 5 6 |  6.8
Shields        | 2 4 5 |  5.2
Air Magic      | 3 |  3.4
Stealth        | |  2.6

Action                   |  1- 3 |  4- 6 |  7- 9 | 10-12 || total
-------------------------+-------+-------+-------+-------++-------
Melee: Short sword       |    41 |    48 |    35 |       ||   124
       Tentacles         |     4 |    10 |    20 |    12 ||    46
       Constrict         |     9 |    11 |    41 |    17 ||    78
       Unarmed           |     1 |       |       |       ||     1
       Dagger            |       |       |   131 |    68 ||   199
 Cast: Summon Small Mamm |    57 |     2 |     2 |       ||    61
       Call Imp          |     5 |    61 |    90 |    11 ||   167
       Call Canine Famil |       |     2 |    48 |    27 ||    77
       Summon Ice Beast  |       |       |    43 |    68 ||   111
       Summon Lightning  |       |       |    17 |    19 ||    36
Invok: Potion Petition   |       |       |     1 |     1 ||     2
Evoke: Wand              |       |     2 |    26 |     5 ||    33
  Use: Scroll            |       |     7 |     4 |     5 ||    16
       Potion            |       |       |    16 |     1 ||    17
 Stab: Sleeping          |     4 |     1 |     8 |     1 ||    14
       Distracted        |     2 |       |     2 |       ||     4
Armor: Skin              |     2 |     3 |    40 |     2 ||    47
Dodge: Dodged            |    67 |    69 |   180 |    93 ||   409
Block: Buckler           |       |       |       |    16 ||    16
